 Dungeon Crawl Stone Soup version 0.29-a0-270-g1586fc07ea (webtiles) character file.

Game seed: 4648525490814726121

2891 riojii the Cleaver (level 9, -9/81 HPs)
             Began as a Deep Dwarf Fighter on Mar 7, 2022.
             Killed by divine providence
             ... invoked by an orc priest
              (11 damage)
             ... on level 7 of the Dungeon.
             The game lasted 00:13:45 (5376 turns).

riojii the Cleaver (Deep Dwarf Fighter)             Turns: 5376, Time: 00:13:46

Health: -9/81      AC: 18    Str: 24    XL:     9   Next: 48%
Magic:  3/3        EV: 12    Int:  9    God:
Gold:   283        SH:  5    Dex: 12    Spells: 8/8 levels left

rFire   . . .      SeeInvis .   a - +1 war axe
rCold   + . .      Faith    .   c - +0 buckler
rNeg    . . .      Spirit   .   g - +7 Kryia's mail coat {PotionHeal*2 rC+}
rPois   .          Reflect  .   (no helmet)
rElec   .          Harm     .   (no cloak)
rCorr   .          Rampage  .   k - +0 pair of gloves
Will    +....                   h - +1 pair of boots
Stlth   ..........              (no amulet)
HPRegen 0.00/turn               (no ring)
MPRegen 0.08/turn               (no ring)

@: no status effects
A: damage resistance, heal wounds, sense surroundings 2, no regeneration
a: Heal Wounds


You were on level 7 of the Dungeon.
You visited 1 branch of the dungeon, and saw 7 of its levels.

You collected 395 gold pieces.
You spent 112 gold pieces at shops.

Inventory:

Hand Weapons
 a - a +1 war axe (weapon)
Missiles
 b - 3 throwing nets
Armour
 c - a +0 buckler (worn)
 g - the +7 Kryia's mail coat (worn) {PotionHeal*2 rC+}
   (You found it on level 4 of the Dungeon)

   Potions are twice as effective at healing its wearer.
   rC:        It protects you from cold.
 h - a +1 pair of boots (worn)
 k - a +0 pair of gloves (worn)
Jewellery
 i - a ring of fire
 r - an amulet of guardian spirit
Wands
 l - a wand of paralysis (5)
 q - a wand of flame (52)
 u - a wand of mindburst (15)
 x - a wand of digging (4)
Scrolls
 f - 3 scrolls of teleportation
 m - 2 scrolls of enchant armour
 p - 3 scrolls of amnesia
 v - 3 scrolls of enchant weapon
Potions
 d - 2 potions of lignification
 e - 2 potions of flight
 j - a potion of invisibility
 n - 2 potions of curing
 s - a potion of ambrosia {unknown}
 t - a potion of brilliance {unknown}
 w - a potion of attraction {unknown}


   Skills:
 + Level 5.5 Fighting
 * Level 8.7 Axes
 + Level 6.7 Armour
 + Level 5.7 Dodging
 + Level 6.6 Shields


You had 8 spell levels left.
You didn't know any spells.
Your spell library contained the following spells:

 Spells                   Type           Power      Damage    Failure   Level
 Freeze                   Ice            0%         1d3       75%         1
 Frozen Ramparts          Ice            0%         1d2       98%         3
 Hailstorm                Conj/Ice       0%         3d3       100%        4


Dungeon Overview and Level Annotations

Branches:
Dungeon (7/15)             Temple (0/1) D:7

Altars:
Nemelex Xobeh
Trog
Uskayaw

Shops:
D:5 (*?


Innate Abilities, Weirdness & Mutations

You are resistant to damage.
You can heal yourself by infusing magical energy.
You passively map the area around you.
You do not regenerate.


Message History

The orc priest looks encouraged for a moment.
A wight comes into view.
It is wielding a +2 halberd of freezing.
Found a stone staircase leading down.
A wight comes into view.
It is wielding a +2 war axe of freezing.
The orc wizard mumbles some strange words.
The orc wizard flickers and vanishes!
Deactivating autopickup; reactivate with Ctrl-A.
An orc wizard and an orc come into view.
The orc wizard shouts!
A wight comes into view. It is wielding a +0 long sword.
A wight comes into view. It is wielding a +4 falchion.
You block the orc priest's attack.
You hit the orc priest but do no damage.
The orc priest barely misses you. The orc closely misses you.
The orc priest misses you. The orc attacks as you move away!
You block the orc's attack.
The orc wizard mumbles some strange words.
The orc wizard flickers and vanishes!
The orc attacks as you move away! The orc closely misses you.
The orc priest attacks as you move away!
The orc priest hits you with a +0 dagger.
* * * LOW HITPOINT WARNING * * *
The orc attacks as you move away! You block the orc's attack.
The orc priest attacks as you move away!
You block the orc priest's attack.
The orc priest begins to cast a cantrip, but forgets the words!
The orc attacks as you move away! The orc completely misses you.
The orc hits you but does no damage. The orc attacks as you move away!
You block the orc's attack. The orc attacks as you move away!
The orc barely misses you. The orc attacks as you move away!
The orc hits you but does no damage.
The orc priest calls down the wrath of Beogh upon you.
Beogh smites you!
* * * LOW HITPOINT WARNING * * *
The orc priest mumbles some strange prayers to Beogh against you.
Beogh smites you!
* * * LOW HITPOINT WARNING * * *
The orc priest calls down the wrath of Beogh upon you.
Beogh smites you!
You die...

##....###..## , **
##......####.##
#######, ** *
##..##..##
##.###.....#
##..###..##
##....####.## , *
#..## ##..####)..###
#..## , * ..##
#.....)...# ##..#**
.## ########..# #..#
.### ##.## ##..#
..)##### #@.#####...#
* ##)....#
#o.........# ###...#
** #.z..#######* *
....#...####...## ,
.............## * , ,
.≈≈≈≈≈≈≈≈≈.zo.# # , ^
, ≈≈≈≈≈≈≈≈≈.#.z### .#
#. * ,
≈##+++##≈.##)..##.#$..
,* ≈ *
,#≈.##.........| , *


You could see 3 wights, an orc priest and an orc.

Vanquished Creatures
  Pikel (D:4)
  A troll (D:5)
  A wyvern (D:6)
  Eustachio (D:4)
  A steam dragon (D:7)
  Menkaure (D:5)
  2 water moccasins
  3 ice beasts (D:5)
  2 black bears
  An ogre (D:7)
  A bullfrog (D:6)
  2 scorpions
  3 orc priests
  2 jellies
  2 hounds
  A gnoll shaman (D:7)
  2 iguanas
  Terence (D:2)
  2 orc wizards
  15 gnolls
  8 adders
  A shadow imp (D:5)
  3 ufetubi
  A worm (D:2)
  A dart slug (D:3)
  22 orcs
  9 ball pythons
  9 bats
  7 endoplasms
  4 giant cockroaches
  8 goblins
  10 hobgoblins
  7 kobolds
  A quokka (D:4)
  3 frilled lizards
  11 rats
150 creatures vanquished.

Notes
Turn   | Place    | Note
-------+----------+-------------------------------------------
     0 | D:1      | riojii the Deep Dwarf Fighter began the quest for the Orb.
     0 | D:1      | Reached XP level 1. HP: 20/20 MP: 1/1
   375 | D:1      | Reached XP level 2. HP: 22/27 MP: 2/2
   489 | D:1      | Found a faded altar of an unknown god.
   809 | D:2      | Reached skill level 1 in Dodging
   980 | D:2      | Reached XP level 3. HP: 25/33 MP: 3/3
   998 | D:2      | Reached skill level 3 in Axes
  1006 | D:2      | Noticed Terence
  1011 | D:2      | Killed Terence
  1012 | D:2      | Reached XP level 4. HP: 24/42 MP: 4/4
  1057 | D:2      | Noticed a scorpion
  1074 | D:2      | Killed a scorpion
  1083 | D:2      | Reached XP level 5. HP: 18/49 MP: 5/5
  1115 | D:2      | You fall into a shaft and drop 1 floor!
  1155 | D:3      | Reached skill level 4 in Axes
  2220 | D:3      | Reached XP level 6. HP: 21/56 MP: 5/5
  2611 | D:4      | Noticed Pikel
  2624 | D:4      | Killed Pikel
  2625 | D:4      | Reached skill level 5 in Axes
  2625 | D:4      | Reached skill level 5 in Armour
  2625 | D:4      | Reached skill level 5 in Shields
  2625 | D:4      | Reached XP level 7. HP: 34/64 MP: 5/5
  2694 | D:4      | Reached skill level 6 in Axes
  2731 | D:4      | Noticed Eustachio
  2787 | D:4      | Killed Eustachio
  2788 | D:4      | Reached XP level 8. HP: 33/73 MP: 6/6
  2876 | D:4      | Found the +7 Kryia's mail coat {PotionHeal*2 rC+}
  2900 | D:4      | Found a glowing drain.
  3165 | D:4      | Found a hide-covered altar of Uskayaw.
  3680 | D:5      | Entered Level 5 of the Dungeon
  3836 | D:5      | Noticed a troll
  3851 | D:5      | Killed a troll
  3852 | D:5      | Reached skill level 7 in Axes
  3852 | D:5      | Found Plog's Magic Scroll Boutique.
  3862 | D:5      | Bought a scroll of enchant weapon for 112 gold pieces
  4027 | D:5      | Reached skill level 5 in Fighting
  4027 | D:5      | Reached skill level 5 in Dodging
  4051 | D:5      | Found Rybugel's Assorted Antiques.
  4072 | D:5      | Noticed Menkaure
  4080 | D:5      | Killed Menkaure
  4104 | D:5      | Gained mutation: You passively map the area around you.
                  | [Deep Dwarf growth]
  4104 | D:5      | Reached XP level 9. HP: 25/81 MP: 6/6
  4166 | D:5      | Found Juts's Weapon Emporium.
  4375 | D:6      | Reached skill level 8 in Axes
  4848 | D:6      | Found a sparkling altar of Nemelex Xobeh.
  4929 | D:6      | Found a bloodstained altar of Trog.
  5375 | D:7      | HP: 2/81 [orc priest/divine providence (7)]
  5376 | D:7      | Killed from afar by an orc priest

Illustrated notes

Levels and vault maps discovered:
D:1:      erik_arrival_blinker_ship, layout_basic, basic_ecumenical_altar
D:2:      layout_loops_ring, uniq_terence
D:3:      layout_basic, minmay_randomly_rotated_circles
D:4:      layout_loops_corners, eat_drink_and_be_merry_uskayaw,
          nicolae_overflow_hidden_temple, portal_sewer_entry_c, st_stairs_4,
          uniq_eustachio, uniq_pikel
D:5:      layout_cave_pools, serial_shops, shop, nicolae_lakefront_shop,
          nicolae_shop_stone, dk_noncrumbling_2, uniq_menkaure
D:6:      hellmonk_crumbling_castle, layout_gridville, trog_hazing_becter,
          mainiacjoe_overflow_surrounded_room, serial_glass, glass_columns_a,
          glass_columns_c, item_on_display_a, minmay_strange_pillars,
          due_unseen_surprise, feat_on_display
D:7:      layout_layer_cave, grunt_qazlal_sundering,
          nicolae_hepliaklqana_hippocampus, minmay_temple_entry_waves,
          chequers_ossuary_entry_cave, enter_bailey_4,
          ebering_ghost_disaster_area, st_stairs_9

Skill      XL: |  1  2  3  4  5  6  7  8  9 |
---------------+----------------------------+-----
Dodging        | 1 2 3 4 5 |  5.7
Axes           | 3 4 5 6 7 8 |  8.7
Fighting       | 3 4 5 |  5.5
Shields        | 4 5 6 |  6.6
Armour         | 4 5 6 |  6.7

Action                   |  1- 3 |  4- 6 |  7- 9 || total
-------------------------+-------+-------+-------++-------
Melee: War axe           |    75 |   131 |   325 ||   531
 Abil: Heal Wounds       |       |     3 |     9 ||    12
Evoke: Wand              |       |       |     1 ||     1
  Use: Potion            |       |     1 |       ||     1
       Scroll            |       |       |    12 ||    12
Armor: Scale mail        |    47 |    54 |   177 ||   278
       Chain mail        |       |       |     3 ||     3
Dodge: Dodged            |    55 |    85 |   191 ||   331
Block: Buckler           |    18 |    28 |    85 ||   131

Table legend: (Time is in decaauts)
 A = Elapsed time spent in this place.
 B = Non-inter-level travel time spent in this place.
 C = Inter-level travel time spent in this place.
 D = Time resting spent in this place.
 E = Time spent auto-exploring this place.
 F = Levels seen in this place.
 G = Mean time per level.
                   A        B        C        D        E       F      G
               +--------+--------+--------+--------+--------+-----+--------+
         Total |   5504 |   5155 |    349 |    127 |   3675 |   7 |  786.3 |
       Dungeon |   5504 |   5155 |    349 |    127 |   3675 |   7 |  786.3 |
               +--------+--------+--------+--------+--------+-----+--------+

Top non-repeatable levels by time:
     D:4: 1193 daAuts
     D:3: 1179 daAuts
     D:6: 861 daAuts
     D:1: 756 daAuts
     D:2: 648 daAuts
     D:5: 626 daAuts
     D:7: 238 daAuts
